 Dungeon Crawl Stone Soup version 0.21.0-3-g78d12a8 (webtiles) character file.

147 letownia2 the Ruffian (level 5, -10/32 HPs)
             Began as a Gargoyle Fighter on Jan 9, 2018.
             Killed by divine providence
             ... invoked by an orc priest
              (12 damage)
             ... on level 4 of the Dungeon.
             The game lasted 00:02:24 (1076 turns).

letownia2 the Ruffian (Gargoyle Fighter)            Turns: 1076, Time: 00:02:25

Health: -10/32     AC: 10    Str: 19    XL:     5   Next: 29%
Magic:  5/5        EV:  9    Int: 10    God:
Gold:   38         SH:  4    Dex:  9    Spells: 4/4 levels left

rFire    . . .     SeeInvis .     - Unarmed
rCold    . . .     Gourm    .   i - +0 buckler
rNeg     + . .     Faith    .   a - +0 scale mail
rPois    ∞         Spirit   .   (no helmet)
rElec    +         Reflect  .   (no cloak)
rCorr    .         Harm     .   (no gloves)
MR       .....                  (no boots)
Stlth    ..........             (no amulet)
HPRegen  0.10/turn              (no ring)
MPRegen  0.09/turn              (no ring)

@: no status effects
A: negative energy resistance 1, electricity resistance, unbreathing,
petrification resistance, rot immunity, AC +4
a: no special abilities


You were on level 4 of the Dungeon.
You were not hungry.

You visited 1 branch of the dungeon, and saw 4 of its levels.

You collected 38 gold pieces.

Inventory:

Armour
 a - a +0 scale mail (worn)
 b - a +0 shield
 i - a +0 buckler (worn)
Scrolls
 e - 2 scrolls of magic mapping {unknown}
 h - a scroll of identify {unknown}
Potions
 c - a potion of might
 f - a potion of magic {unknown}
 g - 2 potions of curing {unknown}
Comestibles
 d - 4 rations
 j - a chunk of flesh


   Skills:
 - Level 3.2 Fighting
 - Level 3.2 Armour
 - Level 3.2 Shields
 + Level 5.3 Unarmed Combat


You had 4 spell levels left.
You didn't know any spells.

Dungeon Overview and Level Annotations

Branches:
Dungeon (4/15)
 Temple: D:4-7

Altars:

Annotations:
D:3 CasualChangeling's ghost, weakling MiFi


Innate Abilities, Weirdness & Mutations

You are resistant to torment.
Your stone body is resilient. (AC +4)
You are immune to poison.
You resist negative energy. (rN+)
You are resistant to electric shocks. (rElec)
You can survive without breathing.
You are immune to petrification.
You are immune to rotting.


Message History

You kill the adder!
The orc priest looks satisfied for a moment.
An orc comes into view. It is wielding a trident.
Unknown command.
You hit the giant cockroach.
The giant cockroach is moderately wounded.
The giant cockroach closely misses you.
You hit the giant cockroach.
You kill the giant cockroach!
Unknown command.
You hit the orc.
The orc is moderately wounded.
You block the orc's attack.
You punch the orc!
You kill the orc!
The orc hits you but does no damage.
Unknown command.
The orc priest calls down the wrath of Beogh upon you.
Beogh smites you!
You die...

#### ... #
..# #
####.##.##.#
......oo...#
# #@# .. #.#
#. #.# #.
.##.#
##.####
###.##.#
......
..#.##.#
...w.#
#.#.##.#
..#.)####
#.#.##.#
........#
#.#.##.#


You could see an orc priest and an orc.

Vanquished Creatures
  Blork the orc (D:4)
  Jessica (D:3)
  2 adders
  A dart slug (D:3)
  7 orcs
  2 bats
  2 giant cockroaches
  A goblin (D:2)
  3 hobgoblins
  2 frilled lizards (D:1)
  A kobold (D:2)
  3 rats
26 creatures vanquished.

Notes
Turn   | Place    | Note
-------+----------+-------------------------------------------
     0 | D:1      | letownia2 the Gargoyle Fighter began the quest for the Orb.
     0 | D:1      | Reached XP level 1. HP: 14/14 MP: 1/1
   173 | D:1      | Reached XP level 2. HP: 16/19 MP: 2/2
   274 | D:2      | Reached skill level 3 in Unarmed Combat
   483 | D:3      | Noticed CasualChangeling's ghost (weakling MiFi)
   491 | D:3      | Reached XP level 3. HP: 14/23 MP: 3/3
   509 | D:3      | Noticed Jessica
   519 | D:3      | Killed Jessica
   519 | D:3      | Reached skill level 4 in Unarmed Combat
   846 | D:3      | Reached XP level 4. HP: 26/28 MP: 4/4
   880 | D:4      | Noticed Blork the orc
   891 | D:4      | Killed Blork the orc
   891 | D:4      | Reached skill level 5 in Unarmed Combat
   891 | D:4      | Reached XP level 5. HP: 2/32 MP: 5/5
  1076 | D:4      | Killed from afar by an orc priest

Skill      XL: |  1  2  3  4 |
---------------+-------------+-----
Unarmed Combat | 3 4 5 |  5.3
Fighting       | |  3.2
Armour         | |  3.2
Shields        | |  3.2

Action                   |  1- 3 |  4- 6 || total
-------------------------+-------+-------++-------
Melee: Unarmed           |    99 |    22 ||   121
       Punch             |     2 |       ||     2
  Use: Potion            |       |     1 ||     1
  Eat: Chunk             |       |     1 ||     1
Armor: Scale mail        |    83 |     8 ||    91
Dodge: Dodged            |    76 |     6 ||    82
Block: Shield            |     6 |       ||     6
       Buckler           |     3 |     5 ||     8
